 Dungeon Crawl Stone Soup version 0.18.1-5-g4a78601 (webtiles) character file.

54535 mopl the Unseen (level 14, -8/92 HPs)
             Began as a High Elf Enchanter on May 11, 2016.
             Was an Elder of Dithmenos.
             Mangled by an orc warlord
             ... wielding a +0 long sword
              (24 damage)
             ... on level 1 of the Orcish Mines.
             The game lasted 00:53:29 (19410 turns).

mopl the Unseen (High Elf Enchanter)               Turns: 19410, Time: 00:53:30

Health: -8/92      AC:  8    Str:  7    XL:     14   Next: 34%
Magic:  22/30      EV: 15    Int: 20    God:    Dithmenos [****..]
Gold:   1139       SH:  4    Dex: 21    Spells: 6 memorised, 7 levels left

rFire  . . .     SeeInvis +     a - +1 dagger (venom)
rCold  . . .     Gourm    .     O - +1 robe {MR+}
rNeg   . . .     Faith    .     (no shield)
rPois  +         Spirit   .     b - +2 helmet
rElec  .         Dismiss  .     w - +0 cloak
rCorr  .         Reflect  +     g - +0 pair of gloves
SustAt .         Harm     .     (no boots)
MR     ++...                    W - +4 amulet of reflection
Stlth  +++++++++.               L - ring of see invisible
                                Q - ring "Xuce" {rPois MP+9}

@: wreathed by umbra, very resistant to hostile enchantments, incredibly
stealthy
A: no striking features
a: Shadow Step, Renounce Religion


You were on level 1 of the Orcish Mines.
You worshipped Dithmenos.
Dithmenos was greatly pleased with you.
You were hungry.

You visited 3 branches of the dungeon, and saw 20 of its levels.

You collected 1291 gold pieces.
You spent 152 gold pieces at shops.

Inventory:

Hand Weapons
 a - a +1 dagger of venom (weapon)
 C - a +0 rapier
 M - a +0 blowgun
Missiles
 n - 2 javelins
 G - 64 poisoned needles
 I - 13 poisoned javelins
 J - 9 tomahawks (quivered)
 K - 3 needles of confusion
 Y - a throwing net
Armour
 b - a +2 helmet (worn)
 g - a +0 pair of gloves (worn)
 w - a +0 cloak (worn)
 x - a +1 robe of magic resistance
 O - a +1 robe of magic resistance (worn)
Jewellery
 L - a ring of see invisible (right hand)
 Q - the ring "Xuce" (left hand) {rPois MP+9}
   (You found it on level 8 of the Dungeon)

   [ring of poison resistance]

   It protects you from poison.
   It affects your magic capacity (+9).
 W - a +4 amulet of reflection (around neck)
Wands
 c - a wand of confusion (32/48)
 i - a wand of lightning (4/15)
 q - a wand of iceblast (9/15)
 v - a wand of polymorph (18/24)
 y - a wand of digging (11/24)
 B - a wand of iceblast (7/15)
 F - a wand of confusion (17/48)
 H - a wand of disintegration (7/24)
 P - a wand of iceblast (3/15)
Potions
 e - 2 potions of cure mutation {unknown}
 f - a potion of agility
 h - a potion of ambrosia {unknown}
 j - 7 potions of might {unknown}
 k - 3 potions of resistance {unknown}
 m - 8 potions of flight {unknown}
 o - 2 potions of cancellation {unknown}
 p - 3 potions of mutation {unknown}
 r - 4 potions of brilliance {unknown}
 s - 4 potions of haste {unknown}
 t - 6 potions of heal wounds {unknown}
 u - 3 potions of curing {unknown}
 z - 4 potions of degeneration {unknown}
 E - a potion of lignification {unknown}
Comestibles
 d - 9 bread rations
 l - 6 chunks of flesh


   Skills:
 + Level 7.3 Fighting
 - Level 10.0 Short Blades
 + Level 5.9 Throwing
 + Level 8.3 Dodging
 * Level 15.2 Stealth
 + Level 4.2 Spellcasting
 * Level 13.4 Hexes
 - Level 5.0 Ice Magic
 + Level 8.7 Invocations


You had 7 spell levels left.
You knew the following spells:

 Your Spells              Type           Power        Failure   Level  Hunger
a - Corona                Hex            ######.      1%          1    None
b - Ensorcelled Hibernat  Hex/Ice        #####.       1%          2    #......
c - Confuse               Hex            ######..     1%          3    ###....
d - Tukima's Dance        Hex            ######..     1%          3    ###....
g - Dazzling Spray        Conj/Hex       ####....     2%          3    ###....
C - Cure Poison           Pois           #.........   21%         2    #......


Dungeon Overview and Level Annotations

Branches:
Dungeon (11/15)            Temple (0/1) D:6            Lair (8/8) D:11
 Shoals (0/4) Lair:6        Snake (0/4) Lair:6          Orc (1/2) D:10
  Slime: Lair:6-8

Altars:
Ashenzari
Cheibriados
Dithmenos
Fedhas
Gozag
Kikubaaqudgha
Makhleb
Nemelex Xobeh
Okawaru
Pakellas
Qazlal
Sif Muna
Vehumet
Xom
Yredelemnul
Zin

Shops:
D:6 }   D:7 [   D:10 (

Annotations:
Lair:3 Rupert
Lair:6 exclusion: 2 oklob plants
Lair:7 bb, Kirke
Lair:8 bb, exclusions: catoblepas and death yak


Message History

The warg howls!
The orc warrior no longer looks unusually strong.
The orc warlord roars a battlecry!
The orc warrior goes into a battle-frenzy!
The orc no longer looks unusually strong.
The orc warlord roars a battlecry!
The orc goes into a battle-frenzy!
You block the orc priest's attack.
Evoke which item? (* to show all) (? for menu, Esc to quit)
Okay, then.
Unknown command.
The orc priest invokes the aid of Beogh against you.
Beogh smites you!
* * * LOW HITPOINT WARNING * * *
Things that are here:
a spear; a scale mail The orc warlord roars a battlecry!
There is a staircase back to the Dungeon here.
The orc warlord hits you with a long sword!!
You die...

##o##
#.................## #
####..........))>....#
##.###).......))......#
#.....................#
#.............)......##
##................#...#
##......)...#.......##
#.....#.............#
##.#..@o.o.).#.#ooo.#
####.#.).....#.h..##
##..oh...###o...#
##....o...#.#.##
#.........oo..##
##.............#
#..##.#..###.##
#...#...### ##
#..###.##


You could see an orc warlord, a warg, an orc warrior, an orc priest and an orc
wizard (invisible).

Vanquished Creatures
  3 hydras
  Erica (Orc:1)
  A catoblepas (Lair:1)
  5 death yaks (Lair:8)
  Urug (Lair:2)
  An unseen horror (D:10)
  4 hill giants
  A deep elf mage (D:10)
  5 black mambas
  28 elephants
  9 spiny frogs
  A torpor snail (Lair:5)
  3 rime drakes
  8 komodo dragons
  A troll (D:11)
  A merfolk (D:10)
  3 polar bears
  A two-headed ogre (D:11)
  A boulder beetle (Lair:8)
  26 blink frogs
  2 wyverns
  Eustachio (D:5)
  3 hogs (Lair:7)
  Grum (D:11)
  43 yaks
  A human (D:10)
  12 hippogriffs
  4 basilisks
  2 hungry ghosts (D:9)
  Edmund (D:5)
  2 nagas
  A soldier ant (D:10)
  2 hell hounds (D:11)
  5 porcupines
  10 water moccasins
  12 orc warriors
  2 ice beasts
  2 phantoms
  4 black bears
  A sky beast (D:11)
  5 centaurs
  28 wolves
  5 ogres
  A necrophage (D:5)
  7 crocodiles
  3 big kobolds
  12 giant frogs
  A gnoll sergeant (Orc:1)
  A scorpion (D:10)
  9 killer bees
  A howler monkey (D:4)
  An electric eel (D:10)
  2 giant frog zombies
  A crimson imp (D:11)
  A quasit (D:10)
  2 jellies (D:9)
  6 orc priests
  A centaur skeleton (D:10)
  5 hounds
  9 orc wizards
  12 iguanas
  4 worker ants
  A killer bee zombie (D:8)
  10 sheep
  A hound skeleton (D:8)
  9 gnolls
  14 adders
  59 river rats
  2 shadow imps
  12 white imps (Lair:8)
  2 adder zombies
  2 oozes
  2 worms (D:2)
  An adder skeleton (D:7)
  2 dart slugs (D:1)
  4 giant geckos
  25 orcs
  4 giant cockroaches
  5 goblins
  7 hobgoblins
  13 jackals
  19 kobolds
  3 quokkas
  7 bats
  A giant gecko zombie (D:6)
  3 giant newts
  A jackal skeleton (D:9)
  A quokka skeleton (D:6)
  9 rats
  A plant (Lair:4)
552 creatures vanquished.

Vanquished Creatures (collateral kills)
  2 hill giants
  An orc wizard (D:6)
  An orc (D:10)
4 creatures vanquished.

Vanquished Creatures (others)
  A dancing weapon (Lair:6)
  18 fungi
  8 plants
27 creatures vanquished.

Grand Total: 583 creatures vanquished

Notes
Turn   | Place    | Note
--------------------------------------------------------------
     0 | D:1      | mopl the High Elf Enchanter began the quest for the Orb.
     0 | D:1      | Reached XP level 1. HP: 11/11 MP: 4/4
   468 | D:1      | Reached XP level 2. HP: 14/17 MP: 6/6
   472 | D:1      | Learned a level 2 spell: Ensorcelled Hibernation
   859 | D:2      | Found a shadowy altar of Dithmenos.
   866 | D:2      | Became a worshipper of Dithmenos the Shadowed
   907 | D:2      | Reached XP level 3. HP: 14/21 MP: 8/8
   912 | D:2      | Learned a level 3 spell: Confuse
   967 | D:2      | Reached skill level 1 in Ice Magic
  1020 | D:2      | Found a basalt altar of Yredelemnul.
  1073 | D:2      | Reached skill level 3 in Spellcasting
  1084 | D:2      | Found a snail-covered altar of Cheibriados.
  1358 | D:2      | Reached XP level 4. HP: 27/27 MP: 9/9
  1366 | D:2      | Learned a level 3 spell: Tukima's Dance
  1502 | D:2      | Reached skill level 4 in Stealth
  1806 | D:3      | Reached skill level 2 in Short Blades
  1894 | D:3      | Reached * piety under Dithmenos
  2007 | D:3      | Found an ancient bone altar of Kikubaaqudgha.
  2008 | D:3      | Found a blossoming altar of Fedhas.
  2527 | D:4      | Found a glowing silver altar of Zin.
  2529 | D:4      | Reached skill level 4 in Hexes
  2529 | D:4      | Reached XP level 5. HP: 31/31 MP: 11/11
  2530 | D:4      | Noticed an angel
  2610 | D:4      | Found a shimmering altar of Xom.
  3294 | D:5      | Entered Level 5 of the Dungeon
  3329 | D:5      | Reached skill level 5 in Stealth
  3329 | D:5      | Reached XP level 6. HP: 33/36 MP: 12/12
  3345 | D:5      | Learned a level 3 spell: Dazzling Spray
  3385 | D:5      | Noticed Edmund
  3408 | D:5      | Killed Edmund
  3516 | D:5      | Reached skill level 3 in Short Blades
  3516 | D:5      | Reached skill level 4 in Spellcasting
  3516 | D:5      | Reached skill level 5 in Hexes
  3516 | D:5      | Reached skill level 2 in Ice Magic
  3556 | D:5      | Noticed Eustachio
  3568 | D:5      | Killed Eustachio
  3568 | D:5      | Reached skill level 6 in Stealth
  3568 | D:5      | Reached XP level 7. HP: 41/41 MP: 14/14
  4547 | D:6      | Reached skill level 4 in Short Blades
  4593 | D:6      | Reached skill level 3 in Ice Magic
  4599 | D:6      | Reached skill level 7 in Stealth
  4599 | D:6      | Reached skill level 6 in Hexes
  4599 | D:6      | Reached XP level 8. HP: 31/46 MP: 15/15
  4610 | D:6      | Found an opulent altar of Gozag.
  4610 | D:6      | Found a sparkling altar of Nemelex Xobeh.
  4635 | D:6      | Reached ** piety under Dithmenos
  4699 | D:6      | Reached skill level 1 in Invocations
  4757 | D:6      | Found a staircase to the Ecumenical Temple.
  4842 | D:6      | You fall through a shaft for 3 floors!
  4842 | D:9      | Noticed a hill giant
  4853 | D:9      | Killed a hill giant
  4853 | D:9      | Reached skill level 5 in Short Blades
  4853 | D:9      | Reached skill level 8 in Stealth
  4853 | D:9      | Reached skill level 7 in Hexes
  4853 | D:9      | Reached skill level 2 in Invocations
  5028 | D:9      | Reached XP level 9. HP: 51/51 MP: 16/16
  5047 | D:9      | Reached skill level 3 in Invocations
  5051 | D:9      | Reached skill level 9 in Stealth
  5207 | D:9      | Reached skill level 8 in Hexes
  5266 | D:9      | Reached skill level 6 in Short Blades
  5386 | D:9      | Reached skill level 4 in Invocations
  5765 | D:9      | Reached skill level 10 in Stealth
  5864 | D:9      | Reached skill level 1 in Fighting
  5927 | D:9      | Reached *** piety under Dithmenos
  6440 | D:8      | Reached XP level 10. HP: 58/58 MP: 17/17
  6465 | D:8      | Reached skill level 9 in Hexes
  6696 | D:8      | Reached skill level 7 in Short Blades
  6754 | D:8      | Got a heavily runed amber ring
  6756 | D:8      | Identified the ring "Xuce" {rPois MP+9} (You found it on level 8 of the Dungeon)
  6989 | D:6      | Found a stormy altar of Qazlal.
  7081 | D:6      | Found an oddly glowing altar of Pakellas.
  7081 | D:6      | Found Pakellas's Prime Provisions.
  7225 | D:7      | Found Miggaus's Armour Shoppe.
  7233 | D:7      | Bought a +1 robe of magic resistance for 152 gold pieces
  7409 | D:7      | Found a deep blue altar of Sif Muna.
  7608 | D:7      | Reached skill level 3 in Dodging
  7645 | D:7      | Reached skill level 2 in Fighting
  7837 | D:8      | Found a burning altar of Makhleb.
  7837 | D:8      | Found a shattered altar of Ashenzari.
  7982 | D:10     | Entered Level 10 of the Dungeon
  7987 | D:10     | Noticed a hill giant
  7989 | D:10     | Found a radiant altar of Vehumet.
  7989 | D:10     | Noticed a deep elf mage
  8012 | D:10     | Killed a hill giant
  8012 | D:10     | Reached skill level 5 in Invocations
  8019 | D:10     | Noticed a hill giant
  8060 | D:10     | Killed a deep elf mage
  8060 | D:10     | Reached skill level 11 in Stealth
  8261 | D:10     | Noticed a hill giant
  8272 | D:10     | Killed a hill giant
  8319 | D:10     | Found Arghudec's Weapon Shop.
  8320 | D:10     | Found a staircase to the Orcish Mines.
  8328 | D:10     | Reached **** piety under Dithmenos
  8328 | D:10     | Reached skill level 3 in Fighting
  8328 | D:10     | Reached skill level 4 in Dodging
  8348 | D:10     | Reached skill level 10 in Hexes
  8368 | D:10     | Reached XP level 11. HP: 67/67 MP: 8/18
  8542 | D:10     | Noticed an unseen horror
  8653 | D:10     | Killed an unseen horror
  8653 | D:10     | Reached skill level 8 in Short Blades
  8884 | D:10     | Killed a hill giant
  9150 | D:11     | Noticed a hill giant
  9157 | D:11     | Killed a hill giant
  9204 | D:11     | Found a staircase to the Lair.
  9207 | D:11     | Reached skill level 6 in Invocations
  9228 | Lair:1   | Entered Level 1 of the Lair of Beasts
  9301 | D:11     | Reached skill level 12 in Stealth
  9675 | D:11     | Reached skill level 4 in Fighting
  9738 | D:11     | Noticed a hill giant
  9742 | D:11     | Noticed Grum
  9743 | D:11     | Killed a hill giant
  9778 | D:11     | Killed Grum
 10147 | Lair:1   | Noticed a catoblepas
 10167 | Lair:1   | Reached ***** piety under Dithmenos
 10225 | Lair:1   | Killed a catoblepas
 10225 | Lair:1   | Reached skill level 1 in Throwing
 10225 | Lair:1   | Reached skill level 5 in Dodging
 10309 | Lair:1   | Noticed a five-headed hydra
 10377 | Lair:1   | Killed a five-headed hydra
 10377 | Lair:1   | Reached skill level 11 in Hexes
 10877 | Lair:2   | Reached XP level 12. HP: 75/75 MP: 19/19
 10889 | Lair:2   | Reached skill level 9 in Short Blades
 10889 | Lair:2   | Reached skill level 2 in Throwing
 11222 | Lair:2   | Noticed Urug
 11239 | Lair:2   | Killed Urug
 11815 | Lair:3   | Reached skill level 5 in Fighting
 11820 | Lair:3   | Reached skill level 13 in Stealth
 11826 | Lair:3   | Reached skill level 7 in Invocations
 11868 | Lair:3   | Found an iron altar of Okawaru.
 12795 | Lair:3   | Noticed Rupert
 12871 | Lair:4   | Noticed a six-headed hydra
 12889 | Lair:4   | Killed a six-headed hydra
 12889 | Lair:4   | Reached skill level 3 in Throwing
 12940 | Lair:4   | Reached skill level 6 in Dodging
 13428 | Lair:4   | Reached skill level 12 in Hexes
 14323 | Lair:1   | Learned a level 2 spell: Cure Poison
 14460 | Lair:5   | Reached XP level 13. HP: 80/83 MP: 8/20
 14732 | Lair:5   | Reached skill level 6 in Fighting
 15116 | Lair:6   | Found a staircase to the Snake Pit.
 15154 | Lair:6   | Reached skill level 14 in Stealth
 15157 | Lair:6   | Reached skill level 10 in Short Blades
 15157 | Lair:6   | Reached skill level 4 in Throwing
 15252 | Lair:6   | Found a staircase to the Shoals.
 15390 | Lair:6   | Reached skill level 7 in Dodging
 15915 | Lair:6   | Reached skill level 8 in Invocations
 15951 | Lair:7   | Reached ****** piety under Dithmenos
 16396 | Lair:7   | Noticed Kirke
 16743 | Lair:7   | Noticed a sphinx
 16780 | Lair:6   | Reached skill level 5 in Throwing
 17097 | Lair:8   | Entered Level 8 of the Lair of Beasts
 17118 | Lair:8   | Reached skill level 4 in Ice Magic
 17173 | Lair:8   | Found a frozen archway.
 17237 | Lair:8   | Reached skill level 13 in Hexes
 17487 | Lair:8   | Reached skill level 7 in Fighting
 17825 | Lair:8   | Reached XP level 14. HP: 72/92 MP: 10/21
 18064 | Lair:8   | Reached skill level 8 in Dodging
 18454 | Lair:8   | Reached skill level 15 in Stealth
 18755 | Lair:8   | Reached skill level 5 in Ice Magic
 19285 | Orc:1    | Entered Level 1 of the Orcish Mines
 19285 | Orc:1    | Noticed Erica
 19296 | Orc:1    | Killed Erica
 19359 | Orc:1    | Noticed an orc warlord
 19410 | Orc:1    | Mangled by an orc warlord

Skill      XL: |  1  2  3  4  5  6  7  8  9 10 11 12 13 14 |
---------------+-------------------------------------------+-----
Ice Magic      | 1 2 3 4 5 |  5.0
Spellcasting   | 3 4 |  4.2
Stealth        | 4 5 6 7 8 10 11 12 13 14 15 | 15.2
Short Blades   | 2 3 4 5 6 7 8 9 10 | 10.0
Hexes          | 4 5 6 7 8 10 11 12 13 | 13.4
Invocations    | 2 4 5 6 7 8 |  8.7
Fighting       | 1 3 4 5 7 |  7.3
Dodging        | 4 5 6 7 8 |  8.3
Throwing       | 1 3 5 |  5.9

Action                   |  1- 3 |  4- 6 |  7- 9 | 10-12 | 13-15 || total
-------------------------+-------+-------+-------+-------+-------++-------
Melee: Dagger            |   113 |   131 |   139 |   588 |   367 ||  1338
 Cast: Corona            |     2 |       |     2 |     1 |     6 ||    11
       Ensorcelled Hiber |    19 |    29 |    61 |   159 |   175 ||   443
       Confuse           |     1 |     4 |    21 |    20 |    25 ||    71
       Tukima's Dance    |       |     1 |     5 |     9 |     5 ||    20
       Dazzling Spray    |       |       |       |     6 |    10 ||    16
Invok: Shadow Form       |       |       |       |       |     6 ||     6
 Abil: End Transformatio |       |       |       |       |     5 ||     5
 Stab: Sleeping          |    17 |    27 |    59 |   156 |   155 ||   414
       Confused          |       |     5 |    12 |    15 |    10 ||    42
       Invisible         |       |       |       |     3 |    28 ||    31
       Distracted        |       |       |       |     1 |     1 ||     2
  Eat: Chunk             |     3 |     5 |    15 |    29 |    23 ||    75
       Pizza             |       |     1 |       |       |       ||     1
Armor: Robe              |    38 |    44 |    10 |    46 |    40 ||   178
Dodge: Dodged            |    77 |    93 |    69 |   242 |   282 ||   763
Block: Other             |       |       |       |    51 |    67 ||   118
       Reflection        |       |       |       |       |     1 ||     1
